[Event "ICC tourney 1942 (7 2)"]
[Site "Internet Chess Club"]
[Date "2020.07.31"]
[Round "1"]
[White "stephenwilly"]
[Black "NicoSc"]
[Result "1-0"]
[ICCResult "Black resigns"]
[WhiteElo "1392"]
[BlackElo "1289"]
[Opening "Sicilian: Labourdonnais-Löwenthal variation"]
[ECO "B32"]
[NIC "SI.32"]
[Time "19:03:02"]
[TimeControl "420+2"]

1. e4 c5 2. Nf3 Nc6 3. d4 cxd4 4. Nxd4 e5 5. Nf3 Nf6 6. Nc3 Bb4 7. Bg5 O-O
8. Bc4 Na5 9. Bd5 Qb6 10. O-O h6 11. Be3 Qc7 12. Nb5 Qd8 13. Nxe5 Nxd5 14.
Qxd5 Nc6 15. Ng6 Re8 16. c3 Ne7 17. Nxe7+ Bxe7 18. Bf4 d6 19. Bxd6 Be6 20.
Qe5 Bf6 21. Qg3 Qb6 22. Nc7 Qxb2 23. Nxe8 Rxe8 24. e5 Bd8 25. Rfb1 Qxc3 26.
Qxc3 {Black resigns} 1-0

[Event "ICC tourney 1942 (7 2)"]
[Site "Internet Chess Club"]
[Date "2020.07.31"]
[Round "1"]
[White "bkim3164"]
[Black "FozzieB"]
[Result "1-0"]
[ICCResult "Black checkmated"]
[WhiteElo "1483"]
[BlackElo "1317"]
[Opening "Hungarian defense"]
[ECO "C50"]
[NIC "IG.03"]
[Time "19:03:10"]
[TimeControl "420+2"]

1. e4 e5 2. Nf3 Nc6 3. Bc4 Be7 4. d3 d6 5. h3 Nf6 6. O-O O-O 7. Be3 Na5 8.
Bb3 Nxb3 9. axb3 a6 10. Nc3 c6 11. Na4 b5 12. Nb6 Rb8 13. Nxc8 Qxc8 14. Qd2
b4 15. Nh4 Nh5 16. Nf5 Qe6 17. Bg5 Bxg5 18. Qxg5 Qg6 19. Ne7+ Kh8 20. Nxg6+
fxg6 21. g3 Rf6 22. Rxa6 h6 23. Qd2 c5 24. Kg2 Rbf8 25. Ra7 g5 26. Qe2 g6
27. Rfa1 Ng7 28. Ra8 Ne8 29. Rb8 Nc7 30. Rxf8+ Rxf8 31. Ra7 Nb5 32. Rd7 Nd4
33. Qe3 Nxc2 34. Qd2 Nd4 35. Rxd6 Kg7 36. Rd7+ Kg8 37. Qc1 Nxb3 38. Qc4+ Kh8
39. Qxb3 h5 40. Qe6 g4 41. hxg4 hxg4 42. Qxg6 c4 43. Qh7# {Black checkmated}
1-0

[Event "ICC tourney 1942 (7 2)"]
[Site "Internet Chess Club"]
[Date "2020.07.31"]
[Round "1"]
[White "eternaldhatu"]
[Black "Luc2008"]
[Result "0-1"]
[ICCResult "White checkmated"]
[WhiteElo "1086"]
[BlackElo "1423"]
[Opening "Sicilian: Najdorf"]
[ECO "B90"]
[NIC "SI.14"]
[Time "19:02:58"]
[TimeControl "420+2"]

1. e4 c5 2. Nf3 d6 3. d4 cxd4 4. Nxd4 Nf6 5. Nc3 a6 6. Bd3 e5 7. Nf3 Be7 8.
O-O O-O 9. Bg5 h6 10. Bxf6 Bxf6 11. Nd5 Be6 12. Nxf6+ Qxf6 13. Qe2 Nc6 14.
Rad1 Rac8 15. c3 Rfd8 16. Bc4 b5 17. Bxe6 Qxe6 18. Rd2 Qxa2 19. Rfd1 Qe6 20.
h3 Rd7 21. Nh2 Na5 22. Ra1 Nb3 23. Rxa6 Nxd2 24. Qxd2 Rcd8 25. Rb6 Qc4 26.
Nf3 Qxe4 27. Rxb5 d5 28. b3 f6 29. b4 d4 30. cxd4 exd4 31. Qa2+ Kh7 32. Rc5
d3 33. Rc3 d2 34. Nxd2 Rxd2 35. Qa7 Qf4 36. Rc7 Rd1# {White checkmated} 0-1

[Event "ICC tourney 1942 (7 2)"]
[Site "Internet Chess Club"]
[Date "2020.07.31"]
[Round "1"]
[White "Saragupta"]
[Black "AkshatSuresh"]
[Result "1-0"]
[ICCResult "Black checkmated"]
[WhiteElo "1416"]
[BlackElo "1283"]
[Opening "Sicilian: closed"]
[ECO "B23"]
[NIC "SI.44"]
[Time "19:02:53"]
[TimeControl "420+2"]

1. e4 c5 2. Nc3 e6 3. f4 d6 4. Nf3 a6 5. a4 Nc6 6. Bc4 Qc7 7. d3 Nf6 8. O-O
Be7 9. Qe1 O-O 10. Qg3 Rd8 11. e5 dxe5 12. fxe5 Nd7 13. Bh6 Bf8 14. Rae1 Nb6
15. Ng5 Rd7 16. Nxe6 fxe6 17. Bxe6+ Rf7 18. Rxf7 Qxf7 19. Bxf7+ Kxf7 20.
Rf1+ Kg8 21. Ne4 Bd7 22. Nf6+ Kf7 23. Nxd7+ Ke7 24. Nxb6 Rd8 25. Bxg7 Bxg7
26. Qxg7+ Ke6 27. Qf6# {Black checkmated} 1-0

[Event "ICC tourney 1942 (7 2)"]
[Site "Internet Chess Club"]
[Date "2020.07.31"]
[Round "1"]
[White "knighthawkmill"]
[Black "MonkeyTown"]
[Result "0-1"]
[ICCResult "White checkmated"]
[WhiteElo "1444"]
[BlackElo "1361"]
[Opening "Queen's pawn: Chigorin variation"]
[ECO "D00"]
[NIC "QP.08"]
[Time "19:02:56"]
[TimeControl "420+2"]

1. d4 d5 2. Nc3 Bf5 3. f3 Nf6 4. e3 e6 5. Nge2 Be7 6. Ng3 Bg6 7. e4 dxe4 8.
fxe4 O-O 9. Bc4 c6 10. O-O Qb6 11. Kh1 Rd8 12. Be3 Qxb2 13. Qd2 Bb4 14. Rab1
Qxc3 15. Qxc3 Bxc3 16. Ne2 Ba5 17. Rxb7 Bxe4 18. Ng3 Bd5 19. Bd3 c5 20. dxc5
Bxb7 21. Bg5 Nbd7 22. h3 Bc7 23. Ne2 Nxc5 24. Bxf6 gxf6 25. Bc4 Ba6 26. Bxa6
Nxa6 27. g4 Kg7 28. c3 Rd2 29. Nd4 Rh2+ 30. Kg1 Rxh3 31. Nb5 Bb6+ 32. Kg2
Rd3 33. Rc1 Rad8 34. a4 Rd1 35. Rxd1 Rxd1 36. Kf3 Ra1 37. Nd6 Rxa4 38. Ne8+
Kg6 39. Nd6 Ra3 40. Ne4 Nc5 41. Nxc5 Rxc3+ 42. Kf4 Rxc5 43. Kg3 a5 44. Kh4
a4 45. g5 Rxg5 46. Kh3 a3 47. Kh2 Rg4 48. Kh3 Rb4 49. Kh2 Rb3 50. Kh1 a2 51.
Kg2 a1=Q 52. Kh2 Qa2+ 53. Kh1 Rb1# {White checkmated} 0-1

[Event "ICC tourney 1942 (7 2)"]
[Site "Internet Chess Club"]
[Date "2020.07.31"]
[Round "1"]
[White "Mulan2009"]
[Black "Egkninja"]
[Result "1-0"]
[ICCResult "Black checkmated"]
[WhiteElo "1483"]
[BlackElo "1317"]
[Opening "Evans gambit: 5...Be7"]
[ECO "C51"]
[NIC "IG.05"]
[Time "19:03:03"]
[TimeControl "420+2"]

1. e4 e5 2. Nf3 Nc6 3. Bc4 Bc5 4. b4 Bxb4 5. c3 Be7 6. d4 exd4 7. cxd4 d6 8.
Qb3 Be6 9. d5 Na5 10. Qa4+ c6 11. dxe6 b5 12. exf7+ Kf8 13. fxg8=Q+ Rxg8 14.
Bxb5 cxb5 15. Qxb5 Rb8 16. Qd3 Bf6 17. Nc3 Rc8 18. Bd2 Qc7 19. Nd5 Qc5 20.
Rd1 Nc4 21. Bb4 Qc6 22. Nxf6 gxf6 23. Bxd6+ Nxd6 24. Qxd6+ Qxd6 25. Rxd6 Ke7
26. Rd1 Rxg2 27. Rg1 Rxg1+ 28. Nxg1 Ke6 29. Ke2 Rc2+ 30. Rd2 Rc4 31. f3 Rc1
32. Nh3 Rh1 33. Ke3 Re1+ 34. Re2 Rh1 35. Nf4+ Ke5 36. Nd3+ Ke6 37. f4 f5 38.
e5 Rg1 39. Kf2 Rh1 40. Kg2 Rb1 41. Nc5+ Ke7 42. Nb3 Rd1 43. Rd2 Rxd2+ 44.
Nxd2 Ke6 45. Kh3 Ke7 46. Kh4 Ke6 47. Kh5 Ke7 48. Kh6 Ke6 49. Kxh7 Ke7 50.
Kg6 Ke6 51. h4 a6 52. h5 a5 53. h6 a4 54. h7 a3 55. h8=Q Ke7 56. Qf6+ Ke8
57. Qg7 Kd8 58. Kf6 Kc8 59. Ke6 Kb8 60. Kd6 Ka8 61. Kc6 Kb8 62. Qb7#
{Black checkmated}
1-0

[Event "ICC tourney 1942 (7 2)"]
[Site "Internet Chess Club"]
[Date "2020.07.31"]
[Round "1"]
[White "kk12345"]
[Black "DrPatzenGambino"]
[Result "0-1"]
[ICCResult "White resigns"]
[WhiteElo "1317"]
[BlackElo "1483"]
[Opening "Queen's pawn: Charlick (Englund) gambit"]
[ECO "A40"]
[NIC "QO.17"]
[Time "19:02:57"]
[TimeControl "420+2"]

1. d4 e5 2. e3 d5 3. c4 exd4 4. exd4 Nf6 5. Qe2+ Be7 6. Nf3 O-O 7. cxd5 Bb4+
8. Bd2 Re8 9. Ne5 Nxd5 10. Qf3 f6 11. Bc4 Bxd2+ 12. Nxd2 c6 13. Bxd5+ Qxd5
14. O-O fxe5 15. Ne4 exd4 16. Rfe1 Rf8 17. Qg3 Bf5 18. f3 c5 19. Nd6 Nc6 20.
Nxb7 Nb4 21. Re5 Qxb7 22. Rxc5 d3 23. Rc7 Qb6+ 24. Kh1 Bg6 25. Qe5 Qf6 26.
Qc5 Nc2 27. Qd5+ Kh8 28. Rd1 Rad8 29. Qc4 Ne3 30. Qb3 Nxd1 31. Qxd1 Qxb2 32.
Rxa7 d2 33. Rc7 Rfe8 34. Rc2 Re1+ {White resigns} 0-1

[Event "ICC tourney 1942 (7 2)"]
[Site "Internet Chess Club"]
[Date "2020.07.31"]
[Round "1"]
[White "Benranger2011"]
[Black "ullchen"]
[Result "1-0"]
[ICCResult "Black resigns"]
[WhiteElo "1508"]
[BlackElo "1408"]
[Opening "Catalan opening"]
[ECO "E00"]
[NIC "CA.01"]
[Time "19:02:56"]
[TimeControl "420+2"]

1. d4 Nf6 2. c4 e6 3. g3 Bb4+ 4. Bd2 Qe7 5. Nc3 Nc6 6. Nf3 O-O 7. Bg2 d6 8.
a3 Bxc3 9. Bxc3 Ne4 10. Qd3 Nxc3 11. Qxc3 Re8 12. O-O e5 13. d5 Nb8 14. e4
a5 15. b4 axb4 16. axb4 Rxa1 17. Rxa1 Na6 18. Nd2 f5 19. Nb3 Bd7 20. b5 Nc5
21. Nxc5 dxc5 22. Ra7 Bc8 23. exf5 Bxf5 24. Rxb7 Ra8 25. d6 Qg5 26. Bd5+ Kh8
27. dxc7 Bc8 28. Rb8 {Black resigns} 1-0

[Event "ICC tourney 1942 (7 2)"]
[Site "Internet Chess Club"]
[Date "2020.07.31"]
[Round "1"]
[White "gaugerox"]
[Black "Jeffchess"]
[Result "0-1"]
[ICCResult "White forfeits on time"]
[WhiteElo "1288"]
[BlackElo "1325"]
[Opening "Caro-Kann defense"]
[ECO "B12"]
[NIC "CK.01"]
[Time "19:03:43"]
[TimeControl "420+2"]

1. e4 c6 2. d4 d6 3. Nf3 Bg4 4. Be2 Bxf3 5. Bxf3 Nd7 6. O-O e6 7. c4 e5 8.
Nc3 a6 9. Re1 Be7 10. d5 c5 11. a3 h6 12. b4 Rc8 13. Be3 cxb4 14. axb4 Rxc4
15. Qb3 Qc8 16. Rec1 Bg5 17. Bxg5 hxg5 18. Ra2 Ndf6 19. Rac2 Qd8 20. Qxc4 g4
21. Be2 Nd7 22. Nd1 Nb6 23. Qc7 Qh4 24. Bb5+ Kf8 25. Qxb6 Qxh2+ 26. Kf1 g6
27. Qxd6+ Kg7 28. g3 Qh1+ 29. Ke2 Qxe4+ 30. Kd2 Qd4+ 31. Bd3 e4 32. Rc3 Rh2
33. Qf4 Nf6 34. Qe3 Qxd5 35. Ke2 Qf5 36. Rc5 exd3+ 37. Qxd3 Qe6+ 38. Qe3 Ne4
{White forfeits on time}
0-1

[Event "ICC tourney 1942 (7 2)"]
[Site "Internet Chess Club"]
[Date "2020.07.31"]
[Round "1"]
[White "yogokings12"]
[Black "Outschoorn"]
[Result "1/2-1/2"]
[ICCResult "Game drawn because neither player has mating material"]
[WhiteElo "1487"]
[BlackElo "1107"]
[Opening "Sicilian: Nimzovich-Rossolimo attack (without ...d6)"]
[ECO "B30"]
[NIC "SI.31"]
[Time "19:03:48"]
[TimeControl "420+2"]

1. e4 c5 2. Nf3 Nc6 3. Bb5 e6 4. Bxc6 dxc6 5. d3 Bd6 6. O-O e5 7. Nc3 Bg4 8.
Be3 Qf6 9. h3 Bxf3 10. Qxf3 Qxf3 11. gxf3 Nf6 12. Ne2 O-O-O 13. f4 exf4 14.
Bxf4 Bxf4 15. Nxf4 g5 16. Ng2 h5 17. f4 g4 18. hxg4 Nxg4 19. Nh4 Rdg8 20.
Kh1 Ne3 21. Rf2 Rg4 22. Nf3 c4 23. Nh2 Rh4 24. Re1 Ng4 25. Rg2 Nxh2 26. Rxh2
Rxf4 27. Kg2 cxd3 28. cxd3 Rg8+ 29. Kh1 h4 30. Rg1 Rxg1+ 31. Kxg1 Rg4+ 32.
Kf2 Rg3 33. Rxh4 Rxd3 34. Ke2 Rd4 35. Rf4 Rd7 36. Ke3 b5 37. Rf2 a5 38. Rc2
Kc7 39. Kf4 Kd6 40. Rd2+ Ke6 41. Rc2 Rc7 42. e5 c5 43. Ke4 c4 44. Rf2 c3 45.
bxc3 Rxc3 46. Rf6+ Ke7 47. Rb6 Rc4+ 48. Kd5 Rb4 49. Ra6 a4 50. Kc5 Rb2 51.
a3 Rb3 52. Rd6 Rxa3 53. Kxb5 Ra1 54. Ra6 a3 55. Kb4 a2 56. Kb3 Re1 57. Kxa2
Rxe5 58. Kb2 f5 59. Kc2 f4 60. Ra4 f3 61. Rf4 Re3 62. Kd2 Ra3 63. Ke1 Ke6
64. Kf2 Ke5 65. Rxf3 Rxf3+ 66. Kxf3
{Game drawn because neither player has mating material}
1/2-1/2

[Event "ICC tourney 1942 (7 2)"]
[Site "Internet Chess Club"]
[Date "2020.07.31"]
[Round "1"]
[White "JadeTooth"]
[Black "Reyvaj0075"]
[Result "0-1"]
[ICCResult "White checkmated"]
[WhiteElo "710"]
[BlackElo "1465"]
[Opening "Latvian: Fraser defense"]
[ECO "C40"]
[NIC "KP.09"]
[Time "19:02:55"]
[TimeControl "420+2"]

1. e4 e5 2. Nf3 f5 3. Nxe5 Nc6 4. Qh5+ g6 5. Nxg6 Nf6 6. Qh3 hxg6 7. Qxh8 d5
8. exd5 Nd4 9. Bd3 Qe7+ 10. Kd1 Kd8 11. Re1 Qf7 12. c3 f4 13. cxd4 Bd7 14.
Bc2 c6 15. b3 Kc7 16. Qh4 Nxd5 17. d3 Bd6 18. Bb2 g5 19. Qxg5 Rg8 20. Qh6
Rxg2 21. Nd2 Bb4 22. a3 Nc3+ 23. Bxc3 Bxc3 24. Rc1 Bg4+ 25. Re2 Rg1+ 26. Nf1
Rxf1# {White checkmated} 0-1

[Event "ICC tourney 1942 (7 2)"]
[Site "Internet Chess Club"]
[Date "2020.07.31"]
[Round "1"]
[White "SkywalkerRisen"]
[Black "johnnydo928"]
[Result "1-0"]
[ICCResult "Black checkmated"]
[WhiteElo "1393"]
[BlackElo "1277"]
[Opening "English: Bremen, reverse dragon"]
[ECO "A22"]
[NIC "EO.10"]
[Time "19:02:55"]
[TimeControl "420+2"]

1. c4 e5 2. Nc3 Nf6 3. g3 d5 4. cxd5 c6 5. dxc6 Nxc6 6. Bg2 Bc5 7. h3 O-O 8.
Nf3 e4 9. Ng5 Bf5 10. Ngxe4 Nxe4 11. Bxe4 Bxe4 12. Nxe4 Bb6 13. O-O Re8 14.
d3 Qd7 15. Kh2 Rad8 16. Qd2 h6 17. a3 Qf5 18. Qf4 Qg6 19. Qg4 Qxg4 20. hxg4
Nd4 21. e3 Nb3 22. Rb1 Rxd3 23. Nc3 Ba5 24. Ne2 Nd2 25. Bxd2 Rxd2 26. Nf4
Rxe3 27. Rbc1 Rxb2 28. Rc8+ Kh7 29. Rf8 f6 30. Rf7 Re5 31. Nh5 Rg5 32. Kh3
Bc3 33. f4 Rd5 34. Rxg7+ Kh8 35. Rg6 Ra2 36. Rxh6+ Kg8 37. Nxf6+ Bxf6 38.
Rxf6 Rxa3 39. Rc1 Rdd3 40. Rc8+ Kg7 41. g5 Rxg3+ 42. Kh4 Rh3+ 43. Kg4 Rag3+
44. Kf5 Ra3 45. Rc7+ Kg8 46. Rd6 Ra5+ 47. Kg4 Rg3+ 48. Kxg3 Rf5 49. Rd8+ Rf8
50. Rxf8+ Kxf8 51. g6 a5 52. Rxb7 a4 53. Ra7 Kg8 54. Kg4 a3 55. Kg5 a2 56.
Kf6 a1=Q+ 57. Rxa1 Kh8 58. Ra8# {Black checkmated} 1-0

[Event "ICC tourney 1942 (7 2)"]
[Site "Internet Chess Club"]
[Date "2020.07.31"]
[Round "1"]
[White "pika0008"]
[Black "IGMin2023"]
[Result "0-1"]
[ICCResult "White resigns"]
[WhiteElo "1074"]
[BlackElo "1250"]
[Opening "English opening: Agincourt variation"]
[ECO "A13"]
[NIC "QP.09"]
[Time "19:02:54"]
[TimeControl "420+2"]

1. Nf3 d5 2. c4 e6 3. e3 c5 4. d4 Nf6 5. Nc3 g6 6. b3 b6 7. Bb2 Bb7 8. Be2
Bg7 9. O-O O-O 10. Rc1 Qc7 11. dxc5 bxc5 12. cxd5 exd5 13. Nb5 Qc6 14. Ne5
Qc8 15. Nd6 Qc7 16. Nxb7 Qxb7 17. Rxc5 Qe7 18. Nc6 Qxc5 19. Nd4 Nc6 20. Qd2
Nxd4 21. Bxd4 Qd6 22. Rc1 Qb8 23. f4 Ne4 24. Qd3 Bxd4 25. Qxd4 Qd6 26. Bf3
Nf6 27. Rc5 Rac8 28. Rxc8 Rxc8 29. e4 Ne8 30. exd5 Rd8 31. f5 gxf5 32. Qxa7
Nc7 33. Qf2 Nxd5 34. Qh4 Qc5+ 35. Kf1 Ne3+ 36. Ke2 Qc2+ 37. Ke1 Qc1+ 38. Kf2
Qd2+ 39. Be2 Ng4+ 40. Kg1 Qc1+ 41. Bf1 Qe3+ 42. Kh1 Nf2+ 43. Kg1 Ng4+ 44.
Kh1 Rd1 {White resigns} 0-1

[Event "ICC tourney 1942 (7 2)"]
[Site "Internet Chess Club"]
[Date "2020.07.31"]
[Round "1"]
[White "AJRChess2011"]
[Black "Dabombpimp"]
[Result "1-0"]
[ICCResult "Black resigns"]
[WhiteElo "1483"]
[BlackElo "1317"]
[Opening "Caro-Kann: advance variation"]
[ECO "B12"]
[NIC "CK.04"]
[Time "19:02:56"]
[TimeControl "420+2"]

1. e4 c6 2. d4 d5 3. e5 Bf5 4. h4 e6 5. g4 Be4 6. f3 Bg6 7. h5 Ne7 8. hxg6
Nxg6 9. Be3 Qb6 10. f4 Qxb2 11. Nd2 Qc3 12. Rh3 Qa5 13. f5 Ne7 14. fxe6 fxe6
15. Nf3 Nd7 16. Ng5 O-O-O 17. Nf7 g6 18. Nxh8 Bg7 19. Nf7 Rf8 20. Nd6+ Kc7
21. Rb1 b6 22. Rxh7 Qc3 23. Bf2 Rxf2 24. Kxf2 Qxd4+ 25. Kg2 Bxe5 26. Ne8+
Kd8 27. Nf3 Qxg4+ 28. Kf2 Bg3+ 29. Ke2 Qe4+ 30. Kd2 d4 31. Kc1 Qe3+ 32. Nd2
Bf4 33. Ng7 Nc5 34. Qe2 Qa3+ 35. Rb2 Nd5 36. Nxe6+ Nxe6 37. Qxe6 Bxd2+ 38.
Kb1 Nc3+ 39. Ka1 {Black resigns} 1-0

[Event "ICC tourney 1942 (7 2)"]
[Site "Internet Chess Club"]
[Date "2020.07.31"]
[Round "1"]
[White "Ayushb"]
[Black "oxdidi"]
[Result "1-0"]
[ICCResult "Black checkmated"]
[WhiteElo "1445"]
[BlackElo "1133"]
[Opening "Giuoco Piano"]
[ECO "C50"]
[NIC "IG.02"]
[Time "19:03:05"]
[TimeControl "420+2"]

1. e4 e5 2. Nf3 Nc6 3. Bc4 Bc5 4. O-O Nf6 5. Nc3 d6 6. h3 O-O 7. d3 h6 8.
Re1 Bd7 9. Be3 Bb6 10. a3 Qe7 11. Qe2 Rfe8 12. Rad1 Rad8 13. Bxb6 axb6 14.
d4 exd4 15. Nxd4 Nxd4 16. Rxd4 c5 17. Rdd1 Be6 18. Bb5 Bd7 19. a4 Qe6 20.
Bc4 Qe5 21. Bb3 Bc6 22. f3 Nh5 23. Qe3 Nf4 24. Rd2 d5 25. Red1 d4 26. Qf2
Ra8 27. Nb5 Bxb5 28. axb5 Rec8 29. Bc4 Ra4 30. Qf1 Qg5 31. Kh2 Nh5 32. Qf2
Qf4+ 33. g3 Qd6 34. b3 Rb4 35. c3 Nxg3 36. Qxg3 Qxg3+ 37. Kxg3 dxc3 38. Rc2
Rxc4 39. bxc4 Re8 40. Rxc3 Re5 41. Rd7 Rg5+ 42. Kf2 Rg6 43. Rxb7 Rg5 44. Rd3
Rh5 45. Rdd7 Rxh3 46. Rxf7 Rh2+ 47. Kg3 Rg2+ 48. Kxg2 Kh8 49. Rxg7 h5 50.
Rgc7 h4 51. Rc8# {Black checkmated} 1-0

[Event "ICC tourney 1942 (7 2)"]
[Site "Internet Chess Club"]
[Date "2020.07.31"]
[Round "1"]
[White "ab4gm"]
[Black "QueenHM"]
[Result "1/2-1/2"]
[ICCResult "Game drawn by repetition"]
[WhiteElo "1400"]
[BlackElo "1400"]
[Opening "Pirc: classical (two knights) system"]
[ECO "B08"]
[NIC "PU.10"]
[Time "19:02:56"]
[TimeControl "420+2"]

1. e4 d6 2. d4 Nf6 3. Nc3 g6 4. Nf3 Bg7 5. Bd3 O-O 6. O-O c5 7. dxc5 dxc5 8.
Be3 b6 9. e5 Ng4 10. Be4 Nxe3 11. fxe3 Ba6 12. Bxa8 Bxf1 13. Qxf1 Nd7 14.
Be4 Nxe5 15. Nxe5 Bxe5 16. Rd1 Qc7 17. g3 e6 18. Nb5 Qb8 19. Nc3 Bxc3 20.
bxc3 Qe5 21. Qf4 Qxc3 22. Qe5 Qxe5 23. Bd3 Qe4 24. Bxe4 Kg7 25. Rd7 a6 26.
Ra7 a5 27. Rb7 Rd8 28. Rxb6 Rd1+ 29. Kf2 Ra1 30. Rb2 c4 31. c3 Rd1 32. Ke2
Rc1 33. Rb5 Rxc3 34. Rxa5 f5 35. Bb1 Kf6 36. Rc5 h6 37. Kd2 Ra3 38. Rxc4 g5
39. Rc3 Ra5 40. Rc8 h5 41. Rh8 Kg6 42. Re8 Kf6 43. h4 gxh4 44. gxh4 Ra4 45.
Bc2 Rxh4 46. Bb3 Re4 47. Kd3 Re5 48. a4 h4 49. Rh8 Kg5 50. Kd4 Re4+ 51. Kd3
Rb4 52. Kc3 Re4 53. Kd3 Rb4 54. Bc2 Kg4 55. Bd1+ Kg3 56. Ke2 h3 57. Kf1 Rb1
58. Ke2 Rb2+ 59. Kf1 Rf2+ 60. Kg1 Rd2 61. Rg8+ Kh4 62. Rh8+ Kg3 63. Rg8+ Kh4
64. Rh8+ Kg5 65. Bf3 Ra2 66. Bb7 Rxa4 67. Rxh3 Rb4 68. Bg2 e5 69. Kf2 f4 70.
exf4+ Rxf4+ 71. Kg3 Rg4+ 72. Kf3 Ra4 73. Kf2 Kg4 74. Rg3+ Kf4 75. Bf3 Ra2+
76. Be2 e4 77. Rg4+ Ke5 78. Ke3 Ra3+ 79. Kf2 Ra2 80. Rg5+ Kf4 81. Rg4+ Ke5
{Game drawn by repetition}
1/2-1/2

[Event "ICC tourney 1942 (7 2)"]
[Site "Internet Chess Club"]
[Date "2020.07.31"]
[Round "1"]
[White "CobaltGame"]
[Black "Schmall"]
[Result "0-1"]
[ICCResult "White forfeits on time"]
[WhiteElo "1240"]
[BlackElo "1533"]
[Opening "QGD: Chigorin defense"]
[ECO "D07"]
[NIC "QP.08"]
[Time "19:03:07"]
[TimeControl "420+2"]

1. d4 d5 2. c4 Nc6 3. cxd5 Qxd5 4. Nf3 e5 5. Nc3 Bb4 6. a3 Bxc3+ 7. bxc3 e4
8. Nd2 Nf6 9. e3 Bg4 10. Be2 Bxe2 11. Qxe2 O-O 12. c4 Qf5 13. Bb2 Rfe8 14.
O-O Rad8 15. Bc3 Nd7 16. Bb4 a5 17. Bc3 b6 18. Nb3 h6 19. d5 Nce5 20. Nd4
Qg6 21. Qe1 Nc5 22. Qe2 Ncd3 23. Rfd1 Rd6 24. f3 exf3 25. Nxf3 Nxf3+ 26.
Qxf3 Qe4 27. Qxe4 Rxe4 28. Rxd3 Rxc4 29. Bd4 b5 30. a4 b4 31. e4 c6 32. dxc6
Rcxd4 33. c7 Rxd3 34. c8=Q+ Kh7 35. e5 Rd8 36. Qc2 g6 37. h3 Rc3 38. Qb1 Rd2
39. Qe1 Rcc2 {White forfeits on time} 0-1

[Event "ICC tourney 1942 (7 2)"]
[Site "Internet Chess Club"]
[Date "2020.07.31"]
[Round "1"]
[White "SanthoshA"]
[Black "Cooliguess"]
[Result "1-0"]
[ICCResult "Black forfeits on time"]
[WhiteElo "1483"]
[BlackElo "1317"]
[Opening "Sicilian defense"]
[ECO "B40"]
[NIC "SI.43"]
[Time "19:03:02"]
[TimeControl "420+2"]

1. e4 c5 2. Nf3 e6 3. Bc4 Qc7 4. Nc3 a6 5. a4 d6 6. O-O Be7 7. d3 Nf6 8. Bf4
Nbd7 9. Re1 Nh5 10. Bg3 Nxg3 11. fxg3 O-O 12. Qd2 b6 13. Ne2 Bb7 14. c3 d5
15. exd5 exd5 16. Ba2 Rfe8 17. Nf4 Nf6 18. Re2 Qd7 19. Ne5 Qc7 20. d4 cxd4
21. cxd4 Rac8 22. Qe1 a5 23. Nfd3 Ba6 24. Rc1 Qd6 25. Rec2 Ne4 26. Nf4 Nf6
27. Rxc8 Rxc8 28. Rxc8+ Bxc8 29. Qc3 Bb7 30. Bb1 g6 31. Bd3 Ne4 32. Bxe4
dxe4 33. Kf2 Qb4 34. Qxb4 Bxb4 35. Nc4 Ba6 36. Nxb6 Bd2 37. Nbd5 Kg7 38. Ne3
f5 39. d5 Kf6 40. d6 {Black forfeits on time} 1-0

[Event "ICC tourney 1942 (7 2)"]
[Site "Internet Chess Club"]
[Date "2020.07.31"]
[Round "2"]
[White "Saragupta"]
[Black "SkywalkerRisen"]
[Result "1-0"]
[ICCResult "Black resigns"]
[WhiteElo "1432"]
[BlackElo "1373"]
[Opening "Sicilian: Grand Prix attack"]
[ECO "B23"]
[NIC "SI.44"]
[Time "19:46:57"]
[TimeControl "420+2"]

1. e4 c5 2. Nc3 Nc6 3. f4 g6 4. Nf3 Bg7 5. Bc4 e6 6. d3 Nge7 7. O-O O-O 8.
Qe1 d5 9. Bb3 d4 10. Ne2 a5 11. a4 b6 12. f5 exf5 13. Qh4 fxe4 14. Ng5 h6
15. Nxf7 Rxf7 16. Rxf7 Kh7 17. Qxh6+ {Black resigns} 1-0

[Event "ICC tourney 1942 (7 2)"]
[Site "Internet Chess Club"]
[Date "2020.07.31"]
[Round "2"]
[White "IGMin2023"]
[Black "bkim3164"]
[Result "0-1"]
[ICCResult "White checkmated"]
[WhiteElo "1244"]
[BlackElo "1518"]
[Opening "English opening"]
[ECO "A30"]
[NIC "QP.11"]
[Time "19:47:08"]
[TimeControl "420+2"]

1. Nf3 Nf6 2. c4 c5 3. g3 g6 4. d4 cxd4 5. Nxd4 Bg7 6. Bg2 Nc6 7. Nxc6 bxc6
8. Nc3 O-O 9. O-O Bb7 10. b3 Rb8 11. Bb2 d6 12. Rb1 c5 13. Bxb7 Rxb7 14. Qd3
a6 15. Ba1 Qd7 16. Qc2 Qh3 17. Qd2 Ng4 18. Rfc1 Qxh2+ 19. Kf1 Qxf2#
{White checkmated}
0-1

[Event "ICC tourney 1942 (7 2)"]
[Site "Internet Chess Club"]
[Date "2020.07.31"]
[Round "2"]
[White "Dabombpimp"]
[Black "eternaldhatu"]
[Result "1-0"]
[ICCResult "Black resigns"]
[WhiteElo "1346"]
[BlackElo "1066"]
[Opening "Sicilian"]
[ECO "B50"]
[NIC "SI.01"]
[Time "19:46:16"]
[TimeControl "420+2"]

1. e4 c5 2. Nf3 d6 3. c3 Nc6 4. d4 cxd4 5. cxd4 Nf6 6. Nc3 g6 7. Bb5 Bg7 8.
d5 O-O 9. dxc6 bxc6 10. Bxc6 Bd7 11. Bxa8 Qxa8 12. Qe2 a6 13. O-O Bb5 14.
Nxb5 axb5 15. e5 dxe5 16. Nxe5 Nd5 17. Rd1 f6 18. Nf3 f5 19. Qe6+ Rf7 20.
Qxd5 Qxd5 21. Rxd5 e6 22. Rxb5 Rd7 23. Be3 f4 24. Bxf4 e5 25. Be3 e4 26. Nd2
Bxb2 27. Rxb2 {Black resigns} 1-0

[Event "ICC tourney 1942 (7 2)"]
[Site "Internet Chess Club"]
[Date "2020.07.31"]
[Round "2"]
[White "QueenHM"]
[Black "stephenwilly"]
[Result "0-1"]
[ICCResult "White resigns"]
[WhiteElo "1329"]
[BlackElo "1440"]
[Opening "Danish gambit"]
[ECO "C21"]
[NIC "KP.04"]
[Time "19:48:12"]
[TimeControl "420+2"]

1. e4 e5 2. d4 exd4 3. c3 c5 4. cxd4 cxd4 5. Qxd4 Nc6 6. Qe3 Nf6 7. Nc3 Bb4
8. Bd2 O-O 9. a3 Ba5 10. Nf3 Re8 11. Bd3 d5 12. e5 d4 13. Nxd4 Rxe5 14. Qxe5
Nxe5 15. O-O Qxd4 16. Nb5 Qxd3 17. Bxa5 Qxb5 18. Bc3 Bf5 19. Rfe1 Nd3 20.
Re7 Qc5 21. Re3 Ng4 22. b4 Qxc3 {White resigns} 0-1

[Event "ICC tourney 1942 (7 2)"]
[Site "Internet Chess Club"]
[Date "2020.07.31"]
[Round "2"]
[White "NicoSc"]
[Black "kk12345"]
[Result "1-0"]
[ICCResult "Black resigns"]
[WhiteElo "1357"]
[BlackElo "1249"]
[Opening "QGD Slav: 4.Nc3"]
[ECO "D15"]
[NIC "SL.03"]
[Time "19:47:12"]
[TimeControl "420+2"]

1. d4 d5 2. c4 c6 3. Nf3 Nf6 4. Nc3 Bf5 5. Nh4 Bg6 6. Nxg6 hxg6 7. e3 e6 8.
Bd3 Nbd7 9. Bd2 dxc4 10. Bxc4 Qc7 11. h3 O-O-O 12. a4 Nb6 13. Bd3 Nfd5 14.
a5 Na8 15. Nxd5 exd5 16. b4 Bd6 17. b5 Kb8 18. Rc1 Rc8 19. bxc6 bxc6 20.
Rb1+ Nb6 21. axb6 axb6 22. Ba5 Ka8 23. Bxb6 Qd7 24. Qa4+ Kb8 25. Ba7+ Ka8
26. Bc5+ {Black resigns} 1-0

[Event "ICC tourney 1942 (7 2)"]
[Site "Internet Chess Club"]
[Date "2020.07.31"]
[Round "2"]
[White "Cooliguess"]
[Black "ab4gm"]
[Result "1/2-1/2"]
[ICCResult "Game drawn by repetition"]
[WhiteElo "1330"]
[BlackElo "1387"]
[Opening "Queen's gambit accepted"]
[ECO "D20"]
[NIC "QG.03"]
[Time "19:46:24"]
[TimeControl "420+2"]

1. d4 d5 2. c4 dxc4 3. e3 c5 4. Bxc4 cxd4 5. Nf3 Nf6 6. O-O Bg4 7. Qxd4 Qxd4
8. Nxd4 Nc6 9. Nc3 Nxd4 10. exd4 e6 11. Bg5 Be7 12. Bb5+ Nd7 13. Bxe7 Kxe7
14. d5 a6 15. Bxd7 Kxd7 16. f3 Bf5 17. dxe6+ Bxe6 18. Rad1+ Ke7 19. Rfe1
Rad8 20. Nd5+ Kf8 21. Nc7 Rxd1 22. Nxe6+ fxe6 23. Rxd1 Ke7 24. Kf2 Rc8 25.
Ke3 Rc5 26. Rd4 Rc2 27. Rd2 Rc6 28. a4 Rc4 29. Rd4 Rc2 30. Rd2 Rc4 31. b3
Rc3+ 32. Rd3 Rc2 33. Rd2 Rc3+ 34. Rd3 Rc2 35. Rd2 Rc3+
{Game drawn by repetition}
1/2-1/2